 Dungeon Crawl Stone Soup version 0.28.0-53-g5a82cb258f (webtiles) character file.

Game seed: 9651407430318173885

17656 EWolf27 the Unseen (level 12, -3/66 HPs)
             Began as a Vampire Enchanter on June 24, 2022.
             Was a Priest of Vehumet.
             Slain by a slime creature (15 damage)
             ... on level 12 of the Dungeon on July 6, 2022.
             The game lasted 02:07:28 (22959 turns).

EWolf27 the Unseen (Vampire Enchanter)             Turns: 22959, Time: 02:07:28

Health: -3/66      AC: 10    Str:  7    XL:     12   Next: 20%
Magic:  9/21       EV: 15    Int: 21    God:    Vehumet [***...]
Gold:   328        SH:  8    Dex: 16    Spells: 6/23 levels left

rFire   + + .      SeeInvis +   a - +1 dagger (pain)
rCold   + + +      Faith    .   d - +0 buckler
rNeg    + + +      Spirit   .   C - +2 robe {rF+}
rPois   ∞          Reflect  +   E - +1 helmet
rElec   .          Harm     .   o - +1 cloak
rCorr   .          Rampage  +   (no gloves)
Will    +....                   Q - +1 pair of boots {rampage}
Stlth   +++++++++.              i - amulet of reflection
HPRegen 0.00/turn               J - ring of protection from cold
MPRegen 0.17/turn               B - ring of protection from fire

@: confusing by touch, bloodless, inhibited regen
A: bloodless, fangs 3, see invisible, vampiric 2
a: Bat Form, Revivify, Renounce Religion


You were on level 12 of the Dungeon.
You worshipped Vehumet.
Vehumet was most pleased with you.
You visited 2 branches of the dungeon, and saw 14 of its levels.
You also visited: Ossuary.

You collected 650 gold pieces.
You spent 322 gold pieces at shops.

Inventory:

Hand Weapons
 a - a +1 dagger of pain (weapon)
 r - a +2 dagger of venom
 M - the +6 falchion of Slime {speed, rN+ rCorr Str-5 Dex+3}
   (You found it on level 10 of the Dungeon)

   Attacks with this weapon are significantly faster.
   Str:       It affects your strength (-5).
   Dex:       It affects your dexterity (+3).
   rN:        It protects you from negative energy.
   rCorr:     It protects you from acid and corrosion.
Missiles
 g - 11 javelins (quivered)
Armour
 b - a +2 robe of cold resistance
 d - a +0 buckler (worn)
 l - a +1 robe of willpower
 o - a +1 cloak (worn)
 C - a +2 robe of fire resistance (worn)
 E - a +1 helmet (worn)
 Q - a +1 pair of boots of rampaging (worn)
Magical Staves
 N - a staff of cold
Jewellery
 i - an amulet of reflection (around neck)
 B - a ring of protection from fire (right hand)
 J - a ring of protection from cold (left hand)
 O - a ring of resist corrosion
Wands
 h - a wand of flame (90)
 u - a wand of digging (3)
 y - a wand of iceblast (5)
Scrolls
 e - 2 scrolls of immolation {unknown}
 n - a scroll of teleportation
 p - 2 scrolls of fear
 q - 4 scrolls of amnesia
 z - 2 scrolls of blinking {unknown}
 D - 2 scrolls of fog
 F - 3 scrolls of magic mapping
 K - a scroll of summoning
 P - a scroll of brand weapon {unknown}
Potions
 c - 3 potions of invisibility
 k - 6 potions of curing
 m - 2 potions of cancellation
 s - 4 potions of mutation {unknown}
 t - 4 potions of heal wounds {unknown}
 v - a potion of resistance {unknown}
 w - 2 potions of flight
 x - 2 potions of brilliance
 A - a potion of haste {unknown}
 H - a potion of ambrosia {unknown}
 I - 2 potions of magic {unknown}


   Skills:
 + Level 4.1 Fighting
 - Level 4.0 Short Blades
 + Level 7.0 Dodging
 - Level 18.0 Stealth
 - Level 6.0 Spellcasting
 * Level 1.9 Conjurations
 - Level 12.1 Hexes
 - Level 5.0 Summonings
 + Level 3.0 Necromancy
 - Level 7.1 Ice Magic
 + Level 2.4 Air Magic


You had 6 spell levels left.
You knew the following spells:

 Your Spells              Type           Power      Damage    Failure   Level
a - Ensorcelled Hibernat  Hex/Ice        92%        N/A       1%          2
b - Confusing Touch       Hex            55%        N/A       1%          3
c - Tukima's Dance        Hex            55%        N/A       1%          3
d - Summon Ice Beast      Ice/Summ       31%        N/A       11%         4
e - Shock                 Conj/Air       60%        1d6       1%          1
f - Flame Wave            Conj/Fire      10%        2d5       22%         4

Your spell library contained the following spells:

 Spells                   Type           Power      Damage    Failure   Level
 Summon Small Mammal      Summ           100%       N/A       1%          1
 Dazzling Flash           Conj/Hex       70%        N/A       1%          3
 Frozen Ramparts          Ice            72%        1d9       1%          3
 Inner Flame              Hex/Fire       31%        N/A       1%          3
 Cause Fear               Hex            27%        N/A       1%          4
 Ozocubu's Armour         Ice            36%        N/A       2%          3
 Animate Skeleton         Necr           38%        N/A       3%          1
 Anguish                  Hex/Necr       19%        N/A       6%          4
 Yara's Violent Unravell  Hex/Tmut       15%        3d8       9%          5
 Apportation              Tloc           12%        N/A       13%         1
 Swiftness                Air            16%        N/A       16%         3
 Passwall                 Tmut/Erth      5%         N/A       21%         2
 Ice Form                 Ice/Tmut       21%        N/A       30%         4
 Spider Form              Tmut/Pois      6%         N/A       36%         3
 Irradiate                Conj/Tmut      5%         3d15      50%         5
 Passage of Golubria      Tloc           6%         N/A       78%         4
 Blade Hands              Tmut           3%         N/A       98%         5
 Ozocubu's Refrigeration  Ice            18%        4d8       80%         7
 Discord                  Hex            27%        N/A       99%         8
 Dragon Form              Tmut           3%         N/A       100%        7


Dungeon Overview and Level Annotations

Branches:
Dungeon (13/15)            Temple (1/1) D:7            Lair (0/6) D:10
    Orc (0/2) D:11        Ossuary (visited)
 Vaults: D:13-14

Altars:
Ashenzari
Cheibriados
Dithmenos
Elyvilon
Fedhas
Gozag
Hepliaklqana
Kikubaaqudgha
Makhleb
Nemelex Xobeh
Okawaru
Qazlal
Ru
Sif Muna
Trog
Uskayaw
Vehumet
Wu Jian
Xom
Yredelemnul
Zin
The Shining One
Beogh

Shops:
D:1 [(*=   D:4 [   D:5 *   D:7 (*!   D:12 [

Annotations:
D:10 2 transporters, exclusions: downstairs and fire dragon, DildoBatman's ghost, journeyman FoCj
D:12 exclusion: ice statue


Innate Abilities, Weirdness & Mutations

You do not regenerate when monsters are visible.
You are frail without blood (-20% HP).
You can heal yourself when you bite living creatures.
You are immune to poison.
You have razor-sharp teeth.
You have supernaturally acute eyesight. (SInv)
You are afflicted with vampirism and can become a bat while bloodless.


Message History

You block the slime creature's attack.
Casting: Ensorcelled Hibernation (safe; 1% risk of failure)
Confirm with . or Enter, or press ? or * to list all spells.
Aiming: Ensorcelled Hibernation (safe; 1% risk of failure)
Press: ? - help, Shift-Dir - straight line, f/p - slime creature
Aim: a slime creature (lightly wounded, chance to affect: 51%)
The slime creature resists with some effort.
You block the slime creature's attack.
Casting: Ensorcelled Hibernation (safe; 1% risk of failure)
Confirm with . or Enter, or press ? or * to list all spells.
Aiming: Ensorcelled Hibernation (safe; 1% risk of failure)
Press: ? - help, Shift-Dir - straight line, f/p - slime creature
Aim: a slime creature (lightly wounded, chance to affect: 51%)
The slime creature resists with some effort.
The slime creature completely misses you.
The slime creature misses you.
Two slime creatures merge to form a large slime creature.
Casting: Ensorcelled Hibernation (safe; 1% risk of failure)
Confirm with . or Enter, or press ? or * to list all spells.
Aiming: Ensorcelled Hibernation (safe; 1% risk of failure)
Press: ? - help, Shift-Dir - straight line, f - large slime creature, p - slime creature
Aim: a large slime creature (chance to affect: 51%)
The large slime creature looks drowsy...
The slime creature barely misses you. The slime creature hits you.
The helpless large slime creature fails to defend itself.
You spit the large slime creature like a pig!!!!
The large slime creature writhes in agony.
The large slime creature is severely wounded.
You block the slime creature's attack. The large slime creature hits you!!
You block the slime creature's attack.
Casting: Ensorcelled Hibernation (safe; 1% risk of failure)
Confirm with . or Enter, or press ? or * to list all spells.
Your hands begin to glow red.
The slime creature barely misses you. The large slime creature hits you!!
* * * LOW HITPOINT WARNING * * *
You block the slime creature's attack.
You hit the large slime creature but do no damage.
The large slime creature is severely wounded.
The slime creature hits you!
You die...

.# #.......# ############ # .#
#.......# #..........# #### .#
#.......# #..........###... .#
#.......# #..........##..##
.####
#..<....###..........##.###
.'..###.......'.#..........#..#
#
.##...'.......#.#.(........'.##
#
.######.......#.#J.........###
# .# #.......#.@J.........# #
.# #.......###J.......[.# # .#
#.......# #..........# # .#
#.......# #.......J..# # ##
###+##### #.......JJ.# # #...#
###'######## #.### #..##
###.###### ##..# #........#
#####.###### #


You could see a large slime creature and 2 slime creatures.

Vanquished Creatures
  Fannar (D:10)
  A boulder beetle (D:10)
  3 two-headed ogres
  A fire crab (shapeshifter) (D:10)
  An orc knight (D:10)
  4 ugly things
  Pikel (D:8)
  A cyclops (D:12)
  A manticore (D:10)
  An unseen horror (D:10)
  Psyche (D:8)
  A komodo dragon (D:10)
  2 kobold demonologists
  3 trolls
  Prince Ribbit (D:7)
  6 slime creatures
  A dancing weapon (D:11)
  A centaur simulacrum (D:11)
  2 shadows
  3 basilisks (D:10)
  3 wraiths
  A wyvern (D:10)
  A steam dragon (D:8)
  An acid dragon (D:10)
  2 sky beasts
  8 orc warriors
  A black bear (D:8)
  An ice beast (D:6)
  3 ogres
  2 necrophages
  2 centaurs
  The ghost of Descartes the Grasshopper, an amateur FoWr (D:3)
  2 phantoms (D:5)
  2 lemures (D:8)
  A kobold brigand (D:12)
  5 bullfrogs
  A gnoll sergeant (D:6)
  4 scorpions
  A wyvern skeleton (D:7)
  5 wights
  3 killer bees (D:7)
  8 jellies
  2 electric eels
  3 howler monkeys
  5 centaur zombies
  2 bullfrog zombies (D:6)
  A hound (D:7)
  7 orc priests
  A centaur skeleton (D:6)
  A scorpion zombie (D:5)
  3 iguanas
  Natasha (thrice) (D:3)
  15 orc wizards
  A killer bee zombie (D:7)
  A howler monkey skeleton (D:7)
  14 adders
  8 gnolls
  4 white imps
  An adder zombie (Ossuary)
  2 adder skeletons (D:4)
  4 worms
  3 dart slugs
  41 orcs
  7 bats
  9 endoplasms
  5 giant cockroaches
  6 goblins
  7 hobgoblins
  6 jackals
  3 quokkas
  11 ball pythons
  8 frilled lizards
  2 hobgoblin skeletons (Ossuary)
  A hobgoblin zombie (Ossuary)
  13 kobolds
  A kobold zombie (Ossuary)
  2 orc skeletons (Ossuary)
  2 orc zombies (Ossuary)
  A quokka zombie (D:4)
  7 rats
  A rat zombie (D:4)
308 creatures vanquished.

Vanquished Creatures (collateral kills)
  A two-headed ogre (D:10)
  A gnoll sergeant (D:8)
  4 wights
6 creatures vanquished.

Vanquished Creatures (others)
  4 dancing weapons
  A fungus (D:1)
5 creatures vanquished.

Grand Total: 319 creatures vanquished

Notes
Turn   | Place    | Note
-------+----------+-------------------------------------------
     0 | D:1      | EWolf27 the Vampire Enchanter began the quest for the Orb.
     0 | D:1      | Reached XP level 1. HP: 13/13 MP: 3/3
    76 | D:1      | Found Xoqeqer's Assorted Antiques.
   171 | D:1      | Reached XP level 2. HP: 11/20 MP: 5/5
   222 | D:1      | Learned a level 2 spell: Ensorcelled Hibernation
   522 | D:1      | Found a faded altar of an unknown god.
   564 | D:1      | Found Koref's Weapon Emporium.
   581 | D:2      | Reached skill level 5 in Hexes
   720 | D:1      | Reached skill level 5 in Stealth
   812 | D:1      | Found Catan's Antique Armour Boutique.
  1118 | D:1      | Gained mutation: You are afflicted with vampirism and can
                  | become a bat while bloodless. [Vampire growth]
  1118 | D:1      | Reached XP level 3. HP: 24/25 MP: 6/6
  1126 | D:1      | Learned a level 3 spell: Confusing Touch
  1293 | D:1      | Found Rachiw's Jewellery Boutique.
  2026 | D:2      | Reached skill level 1 in Ice Magic
  3031 | D:2      | Reached XP level 4. HP: 31/31 MP: 7/7
  3357 | D:4      | Found a sand-covered staircase.
  3365 | Ossuary  | Entered an ossuary
  3501 | Ossuary  | Noticed a wraith
  3501 | Ossuary  | Noticed a flying skull
  3510 | Ossuary  | Noticed a flying skull
  3531 | Ossuary  | Noticed a flying skull
  3564 | Ossuary  | Noticed a flying skull
  3566 | Ossuary  | Noticed a flying skull
  3569 | Ossuary  | Noticed a wraith
  3816 | D:3      | Reached skill level 6 in Stealth
  4056 | D:2      | Reached XP level 5. HP: 32/36 MP: 2/8
  4788 | D:3      | Reached skill level 7 in Stealth
  5091 | D:3      | Learned a level 3 spell: Tukima's Dance
  5145 | D:3      | Found a stormy altar of Qazlal.
  5196 | D:3      | Noticed Natasha
  5204 | D:3      | Killed Natasha
  5214 | D:3      | Noticed Natasha
  5220 | D:3      | Killed Natasha
  5221 | D:3      | Reached XP level 6. HP: 42/42 MP: 7/10
  5347 | D:3      | Noticed Natasha
  5357 | D:3      | Killed Natasha
  5444 | D:3      | Found a runed translucent door.
  5445 | D:3      | Noticed Descartes's ghost (amateur FoWr)
  5753 | D:5      | Entered Level 5 of the Dungeon
  5753 | D:5      | Found Wemomm's Assorted Antiques.
  5783 | D:5      | Bought a sedimented blue potion for 17 gold pieces
  5783 | D:5      | Bought a brown potion for 17 gold pieces
  5944 | D:4      | Reached skill level 8 in Stealth
  6467 | D:4      | Found Buneesuses's Antique Armour Shoppe.
  6620 | D:4      | Found a radiant altar of Vehumet.
  6625 | D:4      | Became a worshipper of Vehumet
  6913 | D:4      | Found a broken altar of Ashenzari.
  6914 | D:4      | Found an ancient bone altar of Kikubaaqudgha.
  6914 | D:4      | Found an opulent altar of Gozag.
  6915 | D:4      | Found a shimmering altar of Xom.
  7066 | D:4      | Reached XP level 7. HP: 30/45 MP: 3/11
  7750 | D:5      | Reached skill level 9 in Stealth
  8698 | D:5      | Reached XP level 8. HP: 49/53 MP: 10/14
  8744 | D:5      | Reached skill level 1 in Necromancy
  8939 | D:5      | Found a basalt altar of Yredelemnul.
  9742 | D:6      | Reached skill level 10 in Hexes
  9843 | D:6      | Reached * piety under Vehumet
  9843 | D:6      | Offered knowledge of Foxfire by Vehumet.
 10022 | D:6      | Reached skill level 5 in Spellcasting
 10751 | D:7      | Found a staircase to the Ecumenical Temple.
 11157 | D:7      | Reached XP level 9. HP: 46/46 MP: 16/16
 11166 | D:7      | Learned a level 4 spell: Summon Ice Beast
 11179 | D:7      | Noticed Prince Ribbit
 11183 | D:7      | Killed Prince Ribbit
 11387 | D:7      | Found Ruiho's Distillery.
 11390 | D:7      | Reached skill level 1 in Summonings
 11392 | D:7      | Found Acucuadi's General Store.
 11558 | D:7      | Found Aputzal's Weapon Shop.
 11885 | D:7      | Bought a potion of degeneration for 13 gold pieces
 11894 | D:7      | Bought a scroll of identify for 22 gold pieces
 11894 | D:7      | Bought a scroll of fog for 22 gold pieces
 12938 | Temple   | Entered the Ecumenical Temple
 13468 | D:8      | Reached skill level 10 in Stealth
 13722 | D:8      | Reached ** piety under Vehumet
 13743 | D:8      | Offered knowledge of Shock by Vehumet.
 13933 | D:8      | Learned a level 1 spell: Shock
 14194 | D:8      | Noticed Psyche
 14289 | D:8      | Noticed Pikel
 14355 | D:8      | Killed Pikel
 14356 | D:8      | Reached skill level 11 in Stealth
 14356 | D:8      | Reached XP level 10. HP: 51/51 MP: 13/19
 14783 | D:8      | Killed Psyche
 14784 | D:8      | Reached skill level 12 in Stealth
 15001 | D:8      | Found a sacrificial altar of Ru.
 15359 | D:9      | Noticed a green ugly thing
 15964 | D:9      | Reached skill level 13 in Stealth
 16202 | D:9      | Killed a green ugly thing
 16564 | D:10     | Entered Level 10 of the Dungeon
 16763 | D:3      | Killed Descartes's ghost
 16966 | D:10     | Found a transporter.
 17023 | D:10     | Noticed a two-headed ogre
 17741 | D:10     | Reached skill level 1 in Fighting
 17768 | D:10     | Reached skill level 14 in Stealth
 17768 | D:10     | Reached skill level 5 in Summonings
 17783 | D:10     | Noticed a manticore
 17786 | D:10     | Killed a manticore
 17859 | D:10     | Noticed a two-headed ogre
 17863 | D:10     | Killed a two-headed ogre
 17864 | D:10     | Reached skill level 15 in Stealth
 17864 | D:10     | Reached skill level 5 in Ice Magic
 17989 | D:10     | Noticed an orc knight
 17992 | D:10     | Killed an orc knight
 17993 | D:10     | Reached XP level 11. HP: 57/57 MP: 20/20
 17998 | D:10     | Noticed a boulder beetle
 18004 | D:10     | Killed a boulder beetle
 18005 | D:10     | Identified the +6 falchion of Slime {speed, rN+ rCorr Str-5
                  | Dex+3}
 18190 | D:10     | Offered knowledge of Static Discharge by Vehumet.
 18191 | D:10     | Reached skill level 16 in Stealth
 18249 | D:10     | Noticed a fire crab
 18254 | D:10     | Noticed a two-headed ogre
 18255 | D:10     | Killed a fire crab
 18293 | D:10     | Killed a two-headed ogre
 18294 | D:10     | Reached skill level 17 in Stealth
 18303 | D:10     | Noticed a fire dragon
 18377 | D:10     | Noticed Fannar
 18584 | D:11     | Noticed a two-headed ogre
 18884 | D:10     | Reached *** piety under Vehumet
 19324 | D:11     | Found a staircase to the Orcish Mines.
 20051 | D:10     | Killed a two-headed ogre
 20051 | D:10     | Offered knowledge of Flame Wave by Vehumet.
 20052 | D:10     | Reached skill level 5 in Dodging
 20052 | D:10     | Reached skill level 18 in Stealth
 20058 | D:10     | Learned a level 4 spell: Flame Wave
 20137 | D:10     | Noticed DildoBatman's ghost (journeyman FoCj)
 20153 | D:10     | Found a transporter.
 20184 | D:10     | Killed Fannar
 20416 | D:12     | Noticed a white ugly thing
 20431 | D:12     | Killed a white ugly thing
 20589 | D:12     | Noticed a purple ugly thing
 20589 | D:12     | Noticed a green ugly thing
 21385 | D:12     | Found Ivadif's Armour Boutique.
 21402 | D:12     | Bought a +1 pair of boots of rampaging for 231 gold pieces
 21438 | D:12     | Reached skill level 1 in Air Magic
 21568 | D:12     | Killed a purple ugly thing
 21571 | D:12     | Killed a green ugly thing
 21737 | D:13     | Reached XP level 12. HP: 65/65 MP: 21/21
 22178 | D:10     | Reached skill level 1 in Conjurations
 22222 | D:10     | Found a staircase to the Lair.
 22390 | D:11     | Killed a two-headed ogre
 22959 | D:12     | Slain by a slime creature

Illustrated notes

Levels and vault maps discovered:
D:1:      dpeg_arrival_round_b, layout_basic, shapermc_ecumenical_altar_ellora,
          serial_shops, nicolae_shop_crystal, shop, shop, nicolae_diamond_shop,
          minmay_pentomino_t2
D:2:      layout_loops_cross, minmay_unequal
D:3:      layout_rooms, mainiacjoe_overflow_24_doors, serial_corexii_hall,
          chequers_hall_statues_corner_a, corexii_hall_statues_u,
          ebering_ghost_reflecting_pool, grunt_decor_one_mirror,
          hangedman_decor_clover_reticule, minmay_snake_closets, uniq_natasha
D:4:      layout_gridville, mainiacjoe_overflow_alcove_4,
          chequers_temple_overflow_statue_of_worship, enter_ossuary_4,
          serial_shops, shop
D:5:      layout_loops_ring, mainiacjoe_overflow_brackets,
          nicolae_stop_n_shop_1, grunt_ministairs_14
D:6:      layout_cave_pools
D:7:      layout_gridville, minmay_temple_entry_mist, nicolae_wooded_promenade,
          uniq_prince_ribbit1
D:8:      layout_loops_ring, nicolae_ru_the_path_less_chosen, fountainhead,
          uniq_psyche, uniq_pikel
D:9:      layout_basic, grunt_ministairs_9
D:10:     nicolae_hexawheel, layout_loops_ring, erik_lair_dragon,
          gammafunk_ghost_stat_death, kennysheep_doodads, uniq_fannar
D:11:     layout_roguey, minmay_orc_entry_temple_small
D:12:     layout_roguey, serial_shops, shop, minmay_statue_bubble
D:13:     layout_rooms
Temple:   eino_temple_water

Skill      XL: |  1  2  3  4  5  6  7  8  9 10 11 12 |
---------------+-------------------------------------+-----
Hexes          | 5 6 7 8 11 12 | 12.1
Stealth        | 5 6 7 8 9 11 15 18 | 18.0
Ice Magic      | 1 2 4 5 7 |  7.1
Spellcasting   | 3 4 5 6 |  6.0
Necromancy     | 3 |  3.0
Short Blades   | 2 4 |  4.0
Summonings     | 3 5 |  5.0
Fighting       | 1 3 4 |  4.1
Dodging        | 4 6 7 |  7.0
Air Magic      | 1 2 |  2.4
Conjurations   | 1 |  1.9

Action                   |  1- 3 |  4- 6 |  7- 9 | 10-12 || total
-------------------------+-------+-------+-------+-------++-------
Melee: Dagger            |   144 |   189 |   219 |   237 ||   789
       Bite              |    12 |    19 |    37 |    22 ||    90
       Punch             |     1 |     3 |     2 |       ||     6
Throw: Javelin           |     2 |     7 |    15 |     6 ||    30
 Cast: Ensorcelled Hiber |    32 |    55 |    78 |    82 ||   247
       Tukima's Dance    |       |     1 |    15 |    10 ||    26
       Confusing Touch   |       |       |    22 |    26 ||    48
       Shock             |       |       |       |     8 ||     8
 Abil: Exsanguinate      |       |     2 |     1 |       ||     3
Evoke: Wand              |       |     1 |     1 |     6 ||     8
  Use: Scroll            |       |       |    13 |     5 ||    18
 Stab: Sleeping          |    31 |    46 |    59 |    77 ||   213
       Confused          |       |       |    19 |    20 ||    39
       Distracted        |       |       |     1 |       ||     1
Armor: Robe              |    30 |    56 |    33 |    30 ||   149
Dodge: Dodged            |    96 |   104 |    58 |    79 ||   337
Block: Other             |    21 |    49 |    19 |       ||    89
       Reflection        |       |     1 |     7 |     3 ||    11
       Buckler           |       |       |    33 |    74 ||   107
